Map: Frozen Temple

Players

Pokebunny - Winner!

  • Race: Terran Terran
  • League: Grandmaster

void

  • Race: Zerg Zerg
  • League: Master

VOD

Have the link to the VOD?

Description

Time

  • Played on: April 5, 2016, 1:49 a.m.
  • Length: 16:15
Show
View Real Time Build Order
Export as new Build Order

Pokebunny Terran - Winner!

Build Orders: Reaper Expand, MMM Bio 

Get SALT Encoding   

  12  0:02  SCV  
  13  0:14  SCV  
  13  0:20  Supply Depot  
  14  0:26  SCV  
  15  0:41  SCV  
  16  0:43  Barracks  
  16  0:45  Refinery  
  16  0:53  SCV  
  17  1:05  SCV  
  18  1:18  SCV  
  19  1:31  Orbital Command  
  19  1:32  Reaper  
  20  1:41  Command Center  
  20  1:52  Supply Depot  
  20  1:57  SCV  
  21  2:05  Barracks, Barracks Reactor  
  21  2:10  SCV  
  22  2:19  Barracks  
  23  2:22  SCV  
  23  2:27  Refinery  
  23  2:41  SCV  
  23  2:44  Marine x2  
  25  2:50  Factory  
  25  2:51  Barracks Tech Lab  
  25  2:54  Orbital Command  
  25  2:58  SCV  
  26  3:03  Marine x2  
  28  3:06  Marine  
  29  3:13  Stimpack  
  29  3:16  Marine  
  30  3:20  SCV  
  30  3:22  SCV  
  30  3:27  Marine x2  
  34  3:35  Starport  
  34  3:37  Factory Reactor  
  34  3:41  SCV x2  
  36  3:43  Marine  
  36  3:44  Marine  
  36  3:47  Marine  
  38  3:50  Marine  
  39  3:56  SCV  
  39  3:58  Supply Depot, SCV  
  39  4:01  Marine  
  42  4:04  Supply Depot  
  42  4:07  Marine x2  
  44  4:18  SCV x2  
  44  4:21  Marine  
  44  4:22  Medivac  
  49  4:24  Marine, Medivac  
  49  4:29  Supply Depot  
  52  4:33  Marine x2  
  52  4:36  SCV x2  
  56  4:39  Barracks Reactor  
  56  4:42  Marine  
  56  4:43  Factory Tech Lab  
  57  4:48  SCV x2  
  59  5:00  SCV x2  
  59  5:03  Command Center  
  61  5:12  SCV x2  
  61  5:13  Combat Shields  
  66  5:14  Siege Tank  
  66  5:23  Marine x4  
  66  5:26  Supply Depot  
  70  5:30  Marine  
  47  5:50  Siege Tank  
  47  5:53  Supply Depot x2  
  28  6:18  Orbital Command  
  24  6:31  SCV x2  
  26  6:41  Marine x4  
  26  6:45  Medivac  
  32  6:47  Medivac  
  32  6:52  SCV  
  35  6:54  SCV x2  
  35  6:58  Marine  
  35  6:59  Marine  
  39  7:04  SCV  
  39  7:06  SCV  
  41  7:20  Marine x4  
  35  7:38  Marine x3  
  34  7:45  Marine  
  34  7:46  Medivac  
  34  7:47  SCV x2  
  34  7:48  SCV  
  37  7:56  Marine x2  
  39  8:03  Supply Depot  
  39  8:05  Marine x2  
  41  8:13  Marine, SCV x2  
  41  8:14  SCV  
  43  8:25  Marine  
  43  8:26  Marine x2, SCV  
  46  8:45  SCV x3  
  46  8:48  Marine x4  
  51  8:59  SCV  
  52  9:03  Supply Depot  
  52  9:06  Marine x3  
  55  9:13  Marine  
  55  9:15  Siege Tank  
  59  9:24  Supply Depot  
  57  9:28  Marine  
  57  9:29  Marine x2  
  57  9:30  Marine  
  56  9:37  Medivac  
  58  9:46  Marine x2  
  58  9:47  Marine  
  58  9:52  Marine  
  60  9:54  SCV  
  60  9:55  SCV x2  
  60  9:59  Siege Tank  
  66  10:04  Marine  
  66  10:07  SCV x2  
  69  10:08  SCV  
  69  10:11  Marine x3  
  73  10:19  SCV x2  
  72  10:22  Marine  
  70  10:30  Marine x3  
  70  10:31  Siege Tank  
  70  10:33  SCV x3  
  79  10:38  Medivac  
  79  10:40  Marine  
  82  10:47  Marine  
  82  10:48  Marine x2  
  85  10:57  Marine  
  86  11:05  Marine x2  
  86  11:08  Marine  
  86  11:10  Medivac  
  88  11:15  Marine  
  88  11:16  Refinery  
  88  11:17  Refinery  
  90  11:18  SCV x3  
  90  11:19  Engineering Bay x2  
  90  11:23  Marine  
  93  11:30  Siege Tank  
  86  11:47  Marine x3  
  86  11:48  Marine  
  86  11:50  Supply Depot x2  
  90  11:55  Medivac  
  91  12:02  Siege Tank  
  91  12:05  Marine x2  
  91  12:06  Marine  
  92  12:10  Barracks  
  92  12:11  SCV x3  
  93  12:20  Terran Infantry Armor Level 1, Terran Infantry Weapons Level 1  
  80  12:49  Siege Tank, Medivac x2  
  80  12:52  SCV x2  
  80  12:56  Orbital Command  
  82  12:59  Barracks Reactor x2, Marine x3  
  82  13:04  Barracks  
  82  13:05  Barracks  
  85  13:17  Marine x3  
  88  13:22  Siege Tank  
  91  13:34  Marine  
  91  13:35  Marine x2  
  91  13:38  Marine x3  
  91  13:39  Marine  
  97  13:43  Medivac x2  
  101  13:52  Marine, Supply Depot  
  101  13:53  Supply Depot, Marauder  
  101  13:54  Siege Tank  
  107  14:06  Refinery x2  
  105  14:21  Supply Depot  
  105  14:24  Marine  
  105  14:25  Marine x5, Marauder  
  105  14:27  Missile Turret  
  113  14:33  Siege Tank  
  113  14:37  Armory  
  116  14:42  Marine  
  117  14:51  Armory  
  117  15:09  Orbital Command  
  113  15:17  Marine x5, Marauder  
  113  15:18  Marine  
  117  15:32  Missile Turret  
  117  15:40  Barracks Reactor, Barracks Tech Lab  
Show
View Real Time Build Order
Export as new Build Order

void Zerg 

Build Orders: Hatch First 

Get SALT Encoding   

  12  0:01  Drone  
  13  0:13  Overlord  
  13  0:17  Drone  
  14  0:31  Drone x2  
  14  0:35  Drone  
  17  0:47  Drone  
  18  0:57  Hatchery  
  18  1:01  Drone  
  18  1:05  Extractor  
  18  1:11  Drone  
  18  1:19  Drone  
  18  1:22  Spawning Pool  
  18  1:28  Drone  
  19  1:41  Overlord  
  19  2:09  Zergling x2  
  19  2:10  Zergling x2, Metabolic Boost  
  19  2:11  Queen x2  
  19  2:13  Drone x2  
  27  2:21  Drone  
  28  2:23  Drone  
  28  2:29  Spore Crawler  
  28  2:32  Drone  
  28  2:35  Extractor  
  28  2:41  Spore Crawler  
  28  2:42  Drone x2  
  30  2:49  Queen  
  30  2:50  Queen  
  36  2:55  Overlord  
  36  3:00  Overlord  
  36  3:20  Drone  
  36  3:21  Drone x8  
  36  3:24  Drone  
  46  3:37  Zergling x4  
  46  3:40  Zergling x4  
  50  3:48  Hatchery  
  49  3:52  Baneling Nest  
  48  3:57  Drone, Spore Crawler  
  48  3:58  Drone  
  48  4:02  Overlord x2  
  49  4:09  Zergling x2  
  50  4:10  Zergling x4  
  52  4:20  Zergling x4  
  52  4:22  Zergling x4  
  56  4:24  Zergling x4  
  56  4:25  Zergling x2  
  56  4:26  Zergling x4  
  56  4:28  Overlord  
  61  4:35  Zergling x2  
  62  4:39  Zergling x2  
  62  4:45  Zergling x2  
  64  4:50  Zergling x2  
  65  4:54  Zergling x2  
  66  5:02  Zergling x14  
  73  5:09  Baneling x13  
  73  5:10  Baneling x4  
  73  5:12  Zergling x4  
  75  5:14  Zergling x2  
  71  5:22  Zergling x4  
  71  5:23  Zergling x2  
  74  5:29  Zergling x4  
  74  5:35  Zergling x8  
  66  5:38  Baneling x2  
  66  5:39  Zergling x4  
  65  5:47  Zergling x2  
  65  5:48  Zergling x2  
  60  5:57  Zergling x4  
  60  5:59  Zergling x2  
  60  6:00  Zergling x6  
  62  6:06  Zergling x2  
  62  6:10  Zergling x4  
  53  6:20  Zergling x4  
  53  6:23  Queen x2  
  56  6:29  Overlord  
  56  6:34  Zergling x2, Hatchery  
  56  6:35  Zergling x2  
  56  6:36  Zergling x6  
  56  6:37  Hatchery  
  59  6:42  Zergling x2  
  59  6:45  Zergling x2  
  61  6:53  Zergling x2  
  62  6:54  Zergling x2  
  62  6:56  Baneling x8  
  62  6:57  Baneling  
  62  6:59  Queen  
  64  7:02  Zergling x4  
  64  7:06  Zergling x6  
  61  7:17  Zergling x2, Baneling x2  
  61  7:18  Zergling x2, Queen  
  61  7:20  Zergling x2  
  64  7:26  Zergling x6  
  65  7:33  Zergling x2  
  65  7:40  Zergling x4  
  65  7:41  Zergling x4  
  66  7:45  Zergling x2  
  66  7:46  Zergling x2  
  66  7:48  Zergling x4  
  66  7:49  Zergling x4  
  66  7:51  Zergling x2  
  71  7:56  Zergling x2  
  71  7:57  Zergling x2  
  71  8:01  Zergling x4, Baneling  
  71  8:02  Baneling x4  
  71  8:05  Zergling x2  
  71  8:06  Zergling x4  
  71  8:07  Zergling x2  
  71  8:08  Zergling x2  
  75  8:14  Zergling x2  
  75  8:19  Zergling x2  
  74  8:21  Zergling x2  
  74  8:22  Baneling x2  
  75  8:27  Zergling x4  
  75  8:30  Zergling x4  
  72  8:35  Zergling x2  
  72  8:36  Zergling x8  
  72  8:37  Zergling x4  
  72  8:40  Zergling x2  
  64  8:45  Zergling x2  
  61  8:52  Drone x4, Roach Warren  
  61  8:53  Drone x2, Extractor  
  61  8:54  Extractor  
  61  8:55  Drone  
  65  8:56  Drone  
  65  8:59  Drone  
  67  9:03  Drone  
  67  9:06  Zergling x4  
  67  9:08  Baneling x3  
  68  9:11  Baneling x2  
  68  9:12  Baneling  
  68  9:15  Zergling x2  
  68  9:16  Zergling x2  
  70  9:18  Zergling x2  
  70  9:23  Zergling x4  
  70  9:25  Zergling x2  
  70  9:26  Zergling x2  
  70  9:27  Zergling x2  
  70  9:30  Zergling x4  
  74  9:31  Drone  
  75  9:38  Lair  
  75  9:39  Drone  
  75  9:40  Drone  
  75  9:51  Drone x5  
  75  9:52  Drone x2  
  80  9:57  Drone, Extractor  
  80  9:59  Overlord  
  79  10:09  Overlord x2  
  79  10:10  Overlord  
  78  10:18  Overlord x2  
  75  10:26  Roach x3  
  67  10:29  Roach  
  67  10:31  Roach  
  67  10:34  Roach  
  73  10:36  Roach  
  73  10:39  Roach  
  73  10:40  Roach  
  73  10:41  Zergling x2  
  73  10:42  Zergling x2  
  81  10:44  Roach  
  81  10:46  Roach x2  
  81  10:47  Ravager  
  81  10:49  Zergling x2  
  89  10:50  Zergling x4  
  89  10:51  Ravager  
  89  10:53  Zergling x2  
  87  10:57  Roach  
  87  11:00  Zergling x2  
  86  11:06  Roach x2  
  86  11:07  Roach  
  86  11:10  Roach  
  91  11:12  Roach  
  91  11:13  Ravager  
  91  11:14  Ravager x2  
  91  11:17  Glial Reconstitution  
  96  11:19  Roach  
  96  11:23  Roach  
  96  11:24  Overseer  
  100  11:28  Roach  
  100  11:30  Roach  
  100  11:31  Roach  
  101  11:35  Roach  
  101  11:37  Roach  
  99  11:45  Roach  
  99  11:46  Roach x3  
  101  11:48  Zergling x2  
  101  11:50  Zergling x4  
  101  11:53  Ravager x2  
  106  11:57  Roach  
  106  12:00  Roach  
  106  12:01  Roach  
  112  12:02  Roach  
  112  12:10  Zergling x2  
  112  12:11  Zergling x8  
  112  12:13  Zergling x2  
  118  12:16  Zergling x2  
  118  12:19  Zergling x4  
  117  12:35  Hatchery  
  105  12:51  Tunneling Claws  
  103  12:52  Burrow  
  103  12:56  Roach  
  103  12:57  Roach x2  
  109  12:59  Roach  
  109  13:04  Ravager x3  
  109  13:05  Ravager  
  115  13:08  Roach  
  115  13:12  Roach  
  119  13:15  Roach  
  121  13:21  Spore Crawler  
  120  13:28  Roach  
  122  13:47  Roach x3, Overlord  
  128  13:49  Overlord  
  128  13:58  Roach x24  
  128  14:06  Roach  
  128  14:07  Roach x4  
  128  14:09  Roach  
  137  14:10  Roach  
  137  14:16  Roach x2  
  141  14:23  Roach  
  143  14:26  Roach x23  
  143  14:28  Roach  
  143  14:30  Roach  
  144  14:36  Overlord x2  
  142  14:55  Roach  
  142  14:56  Roach x2  
  142  14:58  Roach x3  
  142  14:59  Roach x2  
  158  15:12  Roach x5  
  158  15:13  Roach  
  157  15:21  Roach  
  155  15:30  Roach x2  
  155  15:33  Roach x3  
  155  15:35  Roach  
  159  15:37  Overlord, Overseer  
  159  15:40  Roach x35  
  159  15:41  Overlord  
  159  15:45  Overlord  
  159  15:48  Roach x12  
  159  15:52  Overlord  
Tags
 
Add a new tag
Caveats
  • Supply blocks, unpowered buildings, or Contaminate may cause inaccurate times.
  • Supply counts are checked every 10 seconds.